 Dungeon Crawl Stone Soup version 0.18.1-48-g4cf74bf (webtiles) character file.

0 glosham the Skirmisher (level 1, -7/24 HPs)
             Began as an Ogre Abyssal Knight on July 28, 2016.
             Was a Follower of Lugonu.
             Mangled by a chaos spawn (16 damage)
             ... on level 3 of the Abyss.
             The game lasted 00:04:20 (168 turns).

glosham the Skirmisher (Ogre Abyssal Knight)         Turns: 168, Time: 00:04:21

Health: -7/24      AC:  3    Str: 16      XL:     1   Next: 0%
Magic:  2/2        EV: 10    Int:  4 (7)  God:    Lugonu [*.....]
Gold:   21         SH:  0    Dex:  9      Spells: 0 memorised, 0 levels left

rFire  . . .     SeeInvis .     a - +0 morningstar
rCold  . . .     Gourm    .     d - +0 robe
rNeg   . . .     Faith    .     (no shield)
rPois  .         Spirit   .     (helmet restricted)
rElec  .         Dismiss  .     (no cloak)
rCorr  .         Reflect  .     (gloves unavailable)
SustAt .         Harm     .     (boots unavailable)
MR     .....                    (no amulet)
Stlth  +.........               (no ring)
                                (no ring)

@: not resistant to hostile enchantments, very unstealthy
A: unfitting armour, dopey 2, tough skin 1, MP-powered wands
a: Depart the Abyss, Renounce Religion


You were on level 3 of the Abyss.
You worshipped Lugonu.
Lugonu was aware of your devotion.
You were not hungry.

You visited 0 branches of the dungeon, and saw 0 of its levels.
You visited the Abyss 1 time.

You collected 21 gold pieces.

Inventory:

Hand Weapons
 a - a +0 morningstar (weapon)
 b - a +1 mace
Armour
 d - a +0 robe (worn)
Miscellaneous
 e - a plain deck of summoning {drawn: 11}
Comestibles
 c - a bread ration


   Skills:
 - Level 4.0 Fighting
 + Level 2.6 Maces & Flails
 - Level 2.1 Dodging
 - Level 2.0 Invocations


You couldn't memorise any spells.
You didn't know any spells.

Dungeon Overview and Level Annotations

Branches:
Dungeon (0/15)

Altars:


Innate Abilities, Weirdness & Mutations

You are too large for most types of armour.
You have tough skin (AC +1).
[You are very dopey. (Int -4)]
[You expend magic power (3 MP) to strengthen your wands.]


Message History

You draw a card...
It is Foxfire.
The killer bee stings you but does no damage.
The killer bee misses your killer bee. The chaos spawn hits your killer bee!
The killer bee barely misses you.
You closely miss the killer bee.
Your killer bee dies!
Your killer bee's corpse disappears in a puff of smoke!
Your killer bee barely misses the killer bee.
The killer bee completely misses you.
Your killer bee barely misses the killer bee.
Your killer bee misses the chaos spawn.
Your killer bee stings the killer bee.
The killer bee is poisoned.
Your killer bee poisons the killer bee!
Your killer bee barely misses the killer bee.
The chaos spawn gores your killer bee!
Your killer bee dies!
Your killer bee's corpse disappears in a puff of smoke!
Your killer bee closely misses the killer bee.
The killer bee closely misses you.
Your killer bee closely misses the killer bee.
Your killer bee stings the killer bee.
Your killer bee completely misses the killer bee.
You completely miss the killer bee.
The killer bee is severely wounded.
Your killer bee barely misses the killer bee.
Your killer bee misses the killer bee.
The killer bee stings you but does no damage.
Your killer bee stings the killer bee but does no damage.
Your killer bee barely misses the killer bee. x2
Your killer bee misses the killer bee.
The killer bee barely misses you.
Your killer bee completely misses the killer bee.
Your killer bee barely misses the killer bee.
Your killer bee misses the killer bee.
Your killer bee closely misses the killer bee.
The killer bee stings you but does no damage.
Your killer bee stings the killer bee.
The killer bee dies!
The killer bee's corpse disappears in a puff of smoke!
The chaos spawn hits you!
Ouch! That really hurt!
You die...

. .# ### .##
# ..## ...#
#.#.y##.....
#yyy3......
#@## ## ##X#
#.. #w# #.
##§y# .
#.##.. # w3#
. # ###.
#*## # . ...
......# . ..
§.#.##. ##


You could see a tentacled starspawn, a chaos spawn, a starspawn tentacle, a
killer bee and 4 friendly killer bees.

Vanquished Creatures (others)
  3 starspawn tentacles (Abyss:3)
  67 starspawn tentacle segments (Abyss:3)
70 creatures vanquished.

Notes
Turn   | Place    | Note
--------------------------------------------------------------
     0 | Abyss:1  | glosham the Ogre Abyssal Knight began the quest for the Orb.
     0 | Abyss:1  | Reached XP level 1. HP: 24/24 MP: 2/2
    50 | Abyss:2  | Noticed an orange demon
    77 | Abyss:2  | Noticed an earth elemental
   128 | Abyss:3  | Noticed a tentacled starspawn
   148 | Abyss:3  | Noticed a neqoxec
   154 | Abyss:3  | Noticed a crimson imp
   163 | Abyss:3  | Noticed a killer bee
   163 | Abyss:3  | Noticed a killer bee
   165 | Abyss:3  | Noticed a wretched star
   166 | Abyss:3  | Noticed a chaos spawn
   168 | Abyss:3  | Mangled by a chaos spawn

Action                   || total
-------------------------++-------
Melee: Morningstar       ||     2
Evoke: Deck              ||    11
  Use: Scroll            ||     2
Armor: Robe              ||     3
Dodge: Dodged            ||     7

Table legend:
 A = Turns spent in this place as a percentage of turns spent in the entire game.
 B = Non-inter-level travel turns spent in this place as a percentage of non-inter-level travel turns spent in the entire game.
 C = Inter-level travel turns spent in this place as a percentage of turns spent in this place.
 D = Turns resting spent in this place as a percentage of non-inter-level travel turns spent in this place.
 E = Turns spent auto-exploring this place as a percentage of non-inter-level travel turns spent in this place.
 F = Non-inter-level travel turns spent in this place divided by the number of levels of this place that you've seen.
                   A       B       C       D       E      F
               +-------+-------+-------+-------+-------+----------------------
         Total | 100.0 | 100.0 |   0.0 |   0.0 |   0.0 |  57.3
         Abyss | 100.0 | 100.0 |   0.0 |   0.0 |   0.0 |  57.3
               +-------+-------+-------+-------+-------+----------------------

Vault maps used:
Abyss:2:  hangedman_abyss_or_decor_jellyfish_corner
